 Dungeon Crawl Stone Soup version 0.28.0-47-ge53b351184 (webtiles) character file.

Game seed: 12852669759392113097

534 Kangaroobicon the Chopper (level 7, -7/56 HPs)
             Began as a Palentonga Fighter on Apr 26, 2022.
             Was an Elder of Ignis.
             Mangled by a vampire mosquito (8 damage)
             ... on level 5 of the Dungeon.
             The game lasted 00:28:24 (3452 turns).

Kangaroobicon the Chopper (Palentonga Fighter)      Turns: 3452, Time: 00:28:25

Health: -7/56      AC: 20    Str: 19    XL:     7   Next: 4%
Magic:  7/7        EV:  7    Int:  9    God:    Ignis [****..]
Gold:   204        SH:  9    Dex: 11    Spells: 6/6 levels left

rFire   + . .      SeeInvis +   a - +0 war axe
rCold   . . .      Faith    .   c - +0 buckler
rNeg    . . .      Spirit   .   b - +0 scale mail
rPois   .          Reflect  +   h - +0 helmet
rElec   .          Harm     .   e - +2 cloak
rCorr   .          Rampage  .   s - +1 pair of gloves
Will    .....                   (no barding)
Stlth   ..........              z - amulet of reflection
HPRegen 0.18/turn               (no ring)
MPRegen 0.10/turn               (no ring)

@: mighty, curled up
A: large, rugged brown scales 3, see invisible, deformed body, roll 1, armoured
tail, reflexive curl
a: Rolling Charge, Renounce Religion, Fiery Armour, Foxfire Swarm, Rising Flame


You were on level 5 of the Dungeon.
You worshipped Ignis.
Ignis was greatly pleased with you.
You visited 1 branch of the dungeon, and saw 5 of its levels.

You collected 204 gold pieces.

Inventory:

Hand Weapons
 a - a +0 war axe (weapon)
 r - a +0 hand axe of electrocution
Missiles
 m - 16 poisoned darts (quivered)
 x - 2 datura-tipped darts
Armour
 b - a +0 scale mail (worn)
 c - a +0 buckler (worn)
 e - a +2 cloak (worn)
 h - a +0 helmet (worn)
 s - a +1 pair of gloves (worn)
Jewellery
 z - an amulet of reflection (around neck)
Scrolls
 f - a scroll of silence {unknown}
 j - a scroll of magic mapping {unknown}
 k - a scroll of fear
 l - a scroll of blinking {unknown}
 n - a scroll of identify
 t - 3 scrolls of teleportation
 u - 2 scrolls of enchant weapon
 v - a scroll of fog {unknown}
 y - a scroll of enchant armour {unknown}
Potions
 g - a potion of cancellation {unknown}
 i - a potion of resistance {unknown}
 o - a potion of curing {unknown}
 p - 2 potions of invisibility
 q - 2 potions of brilliance
 w - a potion of mutation {unknown}


   Skills:
 + Level 3.9 Fighting
 + Level 5.6 Axes
 + Level 3.7 Armour
 + Level 1.2 Dodging
 + Level 0.1 Stealth
 + Level 3.0 Shields


You had 6 spell levels left.
You didn't know any spells.
Your spell library contained the following spells:

 Spells                   Type           Power      Damage    Failure   Level
 Ensorcelled Hibernation  Hex/Ice        0%         N/A       92%         2
 Passwall                 Tmut/Erth      0%         N/A       92%         2
 Swiftness                Air            0%         N/A       99%         3


Dungeon Overview and Level Annotations

Branches:
Dungeon (5/15)             Temple (0/1) D:4

Altars:
Dithmenos
Gozag
Nemelex Xobeh
Wu Jian
Ignis


Innate Abilities, Weirdness & Mutations

You are completely covered in rugged brown scales. (AC +3, +7% HP)
You have supernaturally acute eyesight. (SInv)
Armour fits poorly on your strangely shaped body.
You can roll at nearby foes to attack.
You have a long armoured tail.
You curl defensively after being hit. (AC +7*)


Message History

You now curl defensively after being hit.
You miss the vampire mosquito.
Your tail-slap misses the vampire mosquito.
The vampire mosquito is lightly damaged.
The vampire mosquito barely misses you.
You block the vampire mosquito's attack.
You miss the vampire mosquito.
Your tail-slap misses the vampire mosquito.
The vampire mosquito is lightly damaged.
The vampire mosquito bites you but does no damage.
You block the vampire mosquito's attack.
You slash the vampire mosquito!
The vampire mosquito is heavily damaged.
You block the vampire mosquito's attack.
The vampire mosquito bites you.
* * * LOW HITPOINT WARNING * * *
The vampire mosquito draws strength from your injuries!
The vampire mosquito bites you but does no damage.
You barely miss the vampire mosquito.
The vampire mosquito is heavily damaged.
The vampire mosquito barely misses you.
You block the vampire mosquito's attack.
You barely miss the vampire mosquito.
The vampire mosquito is heavily damaged.
The vampire mosquito bites you but does no damage. x2
You miss the vampire mosquito.
The vampire mosquito is heavily damaged.
You block the vampire mosquito's attack.
The vampire mosquito bites you but does no damage.
The vampire mosquito bites you!
* * * LOW HITPOINT WARNING * * *
The vampire mosquito draws strength from your injuries!
You barely miss the vampire mosquito.
The vampire mosquito is moderately damaged.
The vampire mosquito barely misses you.
You block the vampire mosquito's attack.
You closely miss the vampire mosquito.
The vampire mosquito is moderately damaged.
The vampire mosquito bites you!
You die...

. ## ##
..####. .##
.......♣..##
#...y...#
#...@...#
#.......#
##♣...♣##
..... .......
.........
...........
#............


You could see a vampire mosquito.

Vanquished Creatures
  Sigmund (D:3)
  A vampire mosquito (D:5)
  A hound (D:4)
  Jessica (D:3)
  Natasha (twice) (D:3)
  8 adders
  A dart slug (D:1)
  9 orcs
  7 ball pythons
  4 bats
  5 endoplasms
  A giant cockroach (D:1)
  11 goblins
  4 hobgoblins
  4 jackals (D:4)
  6 kobolds
  A quokka (D:1)
  4 frilled lizards
  9 rats
80 creatures vanquished.

Vanquished Creatures (others)
  18 foxfires (D:5)
  2 plants (D:4)
20 creatures vanquished.

Grand Total: 100 creatures vanquished

Notes
Turn   | Place    | Note
-------+----------+-------------------------------------------
     0 | D:1      | Kangaroobicon the Palentonga Fighter began the quest for
                  | the Orb.
     0 | D:1      | Reached XP level 1. HP: 19/19 MP: 1/1
   345 | D:1      | Reached XP level 2. HP: 22/25 MP: 2/2
   800 | D:1      | Found a faded altar of an unknown god.
  1144 | D:2      | Reached XP level 3. HP: 31/31 MP: 3/3
  1946 | D:3      | Found a faded altar of an unknown god.
  1950 | D:3      | Found a shadowy altar of Dithmenos.
  1955 | D:3      | Prayed at the altar of an unknown god.
  1955 | D:3      | Became a worshipper of Ignis, the Dying Flame
  1982 | D:3      | Reached skill level 3 in Axes
  1994 | D:3      | Reached XP level 4. HP: 34/37 MP: 4/4
  2038 | D:3      | Noticed Natasha
  2044 | D:3      | Killed Natasha
  2052 | D:3      | Noticed Jessica
  2059 | D:3      | Killed Jessica
  2142 | D:3      | Reached XP level 5. HP: 17/43 MP: 5/5
  2237 | D:3      | Noticed Natasha
  2243 | D:3      | Killed Natasha
  2407 | D:3      | Found an opulent altar of Gozag.
  2463 | D:3      | Noticed Sigmund
  2471 | D:3      | Killed Sigmund
  2472 | D:3      | Reached skill level 4 in Axes
  2472 | D:3      | Reached XP level 6. HP: 45/51 MP: 6/6
  2598 | D:3      | Found a sparkling altar of Nemelex Xobeh.
  2896 | D:4      | Reached skill level 5 in Axes
  3084 | D:4      | Found an ornate altar of the Wu Jian Council.
  3187 | D:4      | Found a staircase to the Ecumenical Temple.
  3434 | D:5      | Entered Level 5 of the Dungeon
  3434 | D:5      | Noticed a vampire mosquito
  3434 | D:5      | Noticed a vampire mosquito
  3437 | D:5      | Reached skill level 1 in Dodging
  3444 | D:5      | Killed a vampire mosquito
  3445 | D:5      | Gained mutation: You curl defensively after being hit. (AC
                  | +7*) [Palentonga growth]
  3445 | D:5      | Reached XP level 7. HP: 7/56 MP: 7/7
  3450 | D:5      | HP: 1/56 [vampire mosquito (7)]
  3452 | D:5      | Mangled by a vampire mosquito

Illustrated notes

Levels and vault maps discovered:
D:1:      dpeg_arrival_brainrot, layout_basic,
          hellmonk_ecumenical_altar_inner_sanctum, minivault_11
D:2:      layout_loops_corners
D:3:      layout_loops_cross, grunt_gozag_breadcrumbs,
          nicolae_overflow_ecumenical_swirl, mainiacjoe_overflow_chevrons,
          uniq_jessica, uniq_natasha, uniq_sigmund
D:4:      layout_basic, pdpol_wu_jian_five_deadly_venoms,
          minmay_temple_entry_stoned_glass, guppyfry_early_lair_pool
D:5:      layout_gridville, lemuel_blue_sif_altar, mainiacjoe_overflow_brackets,
          lightli_sewer_entry_pipes, grunt_ministairs_1, uniq_eustachio

Skill      XL: |  1  2  3  4  5  6 |
---------------+-------------------+-----
Axes           | 3 4 5 |  5.6
Armour         | 3 |  3.7
Dodging        | 1 |  1.2
Shields        | 3 |  3.0
Fighting       | |  3.9
Stealth        | |  0.1

Action                   |  1- 3 |  4- 6 |  7- 9 || total
-------------------------+-------+-------+-------++-------
Melee: War axe           |    98 |   102 |     8 ||   208
       Tailslap          |    11 |     8 |       ||    19
Invok: Fiery Armour      |       |     1 |       ||     1
       Foxfire Swarm     |       |     1 |       ||     1
  Use: Scroll            |     1 |     4 |       ||     5
       Potion            |       |     2 |       ||     2
Armor: Scale mail        |    55 |    71 |     5 ||   131
Dodge: Dodged            |    47 |    46 |     3 ||    96
Block: Buckler           |    15 |    28 |     6 ||    49
